 Dungeon Crawl Stone Soup version 0.29.1-12-g30fa7ad0bf (webtiles) character file.

Game seed: 9950287696087778503

2918 FexLirch the Grappler (level 9, -7/73 HPs)
             Began as a Ghoul Gladiator on Dec 28, 2022.
             Was an Initiate of Ru.
             Mangled by a wight
             ... wielding a +1 spear
              (10 damage)
             ... on level 7 of the Dungeon.
             The game lasted 00:15:36 (7790 turns).

FexLirch the Grappler (Ghoul Gladiator)             Turns: 7790, Time: 00:15:37

Health: -7/73      AC:  6    Str: 22    XL:     9   Next: 79%
Magic:  8/8        EV: 12    Int:  3    God:    Ru [......]
Gold:   277        SH:  5    Dex: 10    Spells: 8/8 levels left

rFire   . . .      SeeInvis .     - Unarmed
rCold   + . .      Faith    .   h - +0 buckler
rNeg    + + +      Spirit   .   a - +0 leather armour
rPois   ∞          Reflect  .   b - +0 helmet
rElec   .          Harm     .   C - +0 cloak
rCorr   .          Rampage  .   (no gloves)
Will    .....                   o - +0 pair of boots
Stlth   +.........              (no amulet)
HPRegen 0.00/turn               (no ring)
MPRegen 0.11/turn               (no ring)

@: inhibited regen
A: claws 1, cold resistance 1, negative energy resistance 3, inhibited
regeneration, torment resistance 2, devour on kill
a: Renounce Religion


You were on level 7 of the Dungeon.
You worshipped Ru.
Ru was noncommittal.
You visited 2 branches of the dungeon, and saw 8 of its levels.
You also visited: Sewer.

You collected 277 gold pieces.

Inventory:

Hand Weapons
 f - a +2 shortbow of flaming
 z - a +0 club
Missiles
 d - 2 javelins (quivered)
Armour
 a - a +0 leather armour (worn)
 b - a +0 helmet (worn)
 c - a +2 pair of gloves
 h - a +0 buckler (worn)
 o - a +0 pair of boots (worn)
 C - a +0 cloak (worn)
Wands
 v - a wand of paralysis (15)
Scrolls
 e - 3 scrolls of noise
 i - 3 scrolls of fear
 k - 2 scrolls of immolation
 l - 3 scrolls of amnesia
 s - 3 scrolls of teleportation
 w - 2 scrolls of enchant weapon {unknown}
 y - a scroll of blinking {unknown}
 A - a scroll of fog {unknown}
 B - a scroll of identify
 D - a scroll of vulnerability {unknown}
Potions
 g - 3 potions of magic
 j - a potion of attraction {unknown}
 m - a potion of ambrosia {unknown}
 n - 2 potions of curing
 p - 3 potions of cancellation
 q - 3 potions of brilliance
 r - 2 potions of heal wounds
 t - a potion of might
 u - a potion of lignification
 x - a potion of resistance {unknown}
 E - a potion of haste


   Skills:
 + Level 4.9 Fighting
 - Level 1.7 Throwing
 + Level 4.5 Dodging
 - Level 5.2 Shields
 * Level 11.7 Unarmed Combat


You had 8 spell levels left.
You didn't know any spells.
Your spell library contained the following spells:

 Spells                   Type           Power      Damage    Failure   Level
 Apportation              Tloc           0%         N/A       67%         1
 Airstrike                Air            0%         2d(0-16)  100%        4
 Anguish                  Hex/Necr       0%         N/A       100%        4
 Hailstorm                Conj/Ice       0%         3d3       100%        4
 Simulacrum               Ice/Necr       0%         N/A       100%        6
 Enfeeble                 Hex            0%         N/A       100%        7
 Malign Gateway           Summ/Tloc      0%         N/A       100%        7
 Ice Form                 Ice/Tmut       Unusable   N/A       N/A         4

Dungeon Overview and Level Annotations

Branches:
Dungeon (7/15)             Temple (1/1) D:7           Sewer (visited)

Altars:
Ashenzari
Dithmenos
Gozag
Hepliaklqana
Makhleb
Nemelex Xobeh
Okawaru
Qazlal
Ru
Sif Muna
Trog
Vehumet
Wu Jian
Yredelemnul

Annotations:
D:6 Sigmund


Innate Abilities, Weirdness & Mutations

You are immune to poison.
You have sharp fingernails.
Your flesh is cold resistant. (rC+)
You are immune to negative energy. (rN+++)
You do not regenerate when monsters are visible.
You are immune to unholy pain and torment.
You thrive by killing the living.


Message History

The wight is severely damaged.
The wight hits you with a +4 dire flail of freezing!
The wight freezes you. The wight barely misses you.
You claw the wight!
You destroy the wight!
You miss the bullfrog.
The bullfrog hits you but does no damage.
The wight closely misses you.
You closely miss the bullfrog. You block the bullfrog's attack.
The wight hits you from afar with a +1 spear!
The bullfrog hits you.
You mangle the bullfrog!!
The bullfrog is almost dead.
The wight hits you from afar with a +1 spear.
The bullfrog hits you.
You closely miss the bullfrog.
The bullfrog is almost dead.
The bullfrog closely misses you.
The wight hits you from afar with a +1 spear.
* * * LOW HITPOINT WARNING * * *
You closely miss the bullfrog.
The bullfrog is almost dead.
The bullfrog closely misses you. The wight closely misses you.
The bullfrog barely misses you.
You claw the bullfrog!
You kill the bullfrog!
The wight hits you from afar with a +1 spear!
* * * LOW HITPOINT WARNING * * *
You block the wight's attack.
Items here: )) [ †.
You claw the wight!
The wight is severely damaged.
You closely miss the wight.
The wight is severely damaged.
The wight hits you with a +1 spear!
* * * LOW HITPOINT WARNING * * *
You barely miss the wight.
The wight is severely damaged.
The wight hits you with a +1 spear!
You die...

..........# ..........#
..........# ###### ..........#
...... .......... ......
......... ...... #....z# ......
#@# # ##.### #.# #)###.# # .#
#... #.....# ## .####..###
##..##.# #. .........# #.....<#.
#. .........# ####.###..... ####.
.........###....##...... #. #....
.........##............###.##.⌠..
.....................####........


You could see a wight.

Vanquished Creatures
  A water moccasin (D:5)
  Duvessa (D:4)
  2 sky beasts
  Pargi (Sewer)
  An orc warrior (D:6)
  3 black bears
  2 centaurs
  3 phantoms
  A kobold brigand (D:7)
  2 necrophages
  2 gnoll sergeants
  2 scorpions
  3 bullfrogs (D:7)
  5 wights
  Dowan (D:4)
  An orc priest (D:3)
  3 hounds
  Crazy Yiuf (D:7)
  Jessica (D:3)
  2 iguanas (D:6)
  Natasha (twice) (D:3)
  6 orc wizards
  The ghost of Lutefisk the Sneak, a weakling KoBr (D:3)
  10 gnolls
  12 adders
  A shadow imp (D:6)
  4 worms
  2 dart slugs
  14 orcs
  6 ball pythons
  5 endoplasms
  7 giant cockroaches
  7 goblins
  3 hobgoblins
  6 jackals (D:4)
  13 kobolds
  5 quokkas
  3 bats (D:2)
  7 frilled lizards
  3 rats
155 creatures vanquished.

Notes
Turn   | Place    | Note
-------+----------+-------------------------------------------
     0 | D:1      | FexLirch the Ghoul Gladiator began the quest for the Orb.
     0 | D:1      | Reached XP level 1. HP: 17/17 MP: 0/0
   110 | D:1      | Reached XP level 2. HP: 25/25 MP: 1/1
   503 | D:1      | Found a faded altar of an unknown god.
   747 | D:1      | Reached skill level 4 in Unarmed Combat
   816 | D:2      | Reached XP level 3. HP: 26/30 MP: 2/2
   878 | D:2      | Reached skill level 1 in Shields
  1395 | D:2      | Reached XP level 4. HP: 32/37 MP: 3/3
  1571 | D:3      | Identified the +4 flail of Danog {vamp, rPois rF- Will+}
  1933 | D:3      | Reached skill level 5 in Unarmed Combat
  1969 | D:3      | Noticed Jessica
  1971 | D:3      | Killed Jessica
  1972 | D:3      | Reached XP level 5. HP: 42/42 MP: 4/4
  2292 | D:3      | Noticed Natasha
  2297 | D:3      | Killed Natasha
  2306 | D:3      | Found a shadowy altar of Dithmenos.
  2355 | D:3      | Noticed Natasha
  2366 | D:3      | Killed Natasha
  2714 | D:3      | Reached skill level 6 in Unarmed Combat
  2929 | D:3      | Reached XP level 6. HP: 50/50 MP: 5/5
  2935 | D:3      | Found a runed translucent door.
  2938 | D:3      | Noticed Lutefisk's ghost (weakling KoBr)
  3036 | D:3      | Killed Lutefisk's ghost
  3342 | D:4      | Noticed Dowan
  3342 | D:4      | Noticed Duvessa
  3356 | D:4      | Killed Duvessa
  3361 | D:4      | Killed Dowan
  3591 | D:3      | Reached skill level 7 in Unarmed Combat
  3591 | D:3      | Reached XP level 7. HP: 26/56 MP: 6/6
  4039 | D:5      | Entered Level 5 of the Dungeon
  4039 | D:5      | Found an iron altar of Okawaru.
  4096 | D:5      | Found a glowing drain.
  4148 | Sewer    | Entered a sewer
  4182 | Sewer    | Noticed Pargi
  4194 | Sewer    | Killed Pargi
  4195 | Sewer    | Reached skill level 8 in Unarmed Combat
  4363 | D:5      | Reached XP level 8. HP: 56/62 MP: 7/7
  4422 | D:5      | Reached skill level 9 in Unarmed Combat
  5335 | D:5      | Reached skill level 5 in Shields
  5769 | D:6      | Reached skill level 10 in Unarmed Combat
  6210 | D:6      | Reached XP level 9. HP: 62/69 MP: 8/8
  6568 | D:6      | Noticed Sigmund
  7014 | D:7      | Found a staircase to the Ecumenical Temple.
  7052 | Temple   | Entered the Ecumenical Temple
  7221 | Temple   | Became a worshipper of Ru the Awakened
  7280 | D:7      | Found a runed translucent door.
  7281 | D:7      | Noticed Crazy Yiuf
  7290 | D:7      | Killed Crazy Yiuf
  7333 | D:7      | Found a stormy altar of Qazlal.
  7393 | D:7      | Reached skill level 11 in Unarmed Combat
  7447 | D:7      | Got Ycedoiza's Precepts of the Lofty Wayfarer
  7789 | D:7      | HP: 3/73 [wight/+1 spear (8)]
  7790 | D:7      | Mangled by a wight

Illustrated notes

Levels and vault maps discovered:
D:1:      ncdulo_lavacross, layout_basic, hellmonk_ecumenical_altar_arch_garden
D:2:      layout_rooms, wad_floor_pattern_2
D:3:      layout_basic, mainiacjoe_overflow_boulevard,
          ebering_ghost_reflecting_pool, moated_statue, uniq_jessica,
          uniq_natasha
D:4:      layout_rooms, uniq_duvessa
D:5:      layout_loops_ring, mainiacjoe_overflow_small_starburst,
          gup_sewer_entry_glass
D:6:      layout_rooms, general_overflow_altar, kennysheep_nub, uniq_sigmund
D:7:      layout_rooms, kennysheep_little_box, nicolae_qazlal_eye_of_the_storm,
          mainiacjoe_overflow_surrounded_room, minmay_temple_entry_junction,
          uniq_crazy_yiuf_cottage
Temple:   nicolae_temple_bog_church

Skill      XL: |  1  2  3  4  5  6  7  8  9 |
---------------+----------------------------+-----
Unarmed Combat | 4 5 6 7 8 10 11 | 11.7
Shields        | 1 2 3 4 5 |  5.2
Dodging        | 3 4 |  4.5
Fighting       | 3 4 |  4.9
Throwing       | |  1.7

Action                   |  1- 3 |  4- 6 |  7- 9 || total
-------------------------+-------+-------+-------++-------
Melee: Unarmed           |    87 |   133 |   380 ||   600
Throw: Javelin           |       |     5 |    12 ||    17
       Throwing net      |       |     3 |       ||     3
  Use: Scroll            |       |     3 |    11 ||    14
       Potion            |       |       |     1 ||     1
 Stab: Held in net/web   |       |     2 |       ||     2
Armor: Leather armour    |    24 |    24 |    81 ||   129
Dodge: Dodged            |    56 |    46 |   160 ||   262
Block: Buckler           |    12 |    16 |    75 ||   103
